 Dungeon Crawl Stone Soup version 0.21-a0-401-g0b6bec4 (webtiles) character file.

39 Kavrick the Insei (level 3, 0/26 HPs)
             Began as an Octopode Monk on Oct 21, 2017.
             Slain by an adder (5 damage)
             ... on level 1 of the Dungeon.
             The game lasted 00:01:51 (710 turns).

Kavrick the Insei (Octopode Monk)                    Turns: 710, Time: 00:01:51

Health: 0/26       AC:  1    Str: 10    XL:     3   Next: 47%
Magic:  3/3        EV: 14    Int: 12    God:
Gold:   39         SH:  0    Dex: 15    Spells: 2/2 levels left

rFire    . . .     SeeInvis .     - Unarmed
rCold    . . .     Gourm    .   (no shield)
rNeg     . . .     Faith    .   (helmet restricted)
rPois    .         Spirit   .   (no amulet)
rElec    .         Reflect  .   (no ring)
rCorr    .         Harm     .   (no ring)
MR       .....                  (no ring)
Stlth    +++.......             (no ring)
HPRegen  0.08/turn              (no ring)
MPRegen  0.08/turn              (no ring)
                                (no ring)
                                (no ring)

@: lethally poisoned (0 -> -3)
A: almost no armour, stealthy swim, amphibious, 8 rings, constrict 8, camouflage
1, gelatinous body 1
a: no special abilities


You were on level 1 of the Dungeon.
You were not hungry.

You visited 1 branch of the dungeon, and saw 2 of its levels.

You collected 39 gold pieces.

Inventory:

Jewellery
 e - a +3 ring of dexterity {unknown}
 g - an uncursed ring of fire {unknown}
Scrolls
 c - a scroll of enchant weapon {unknown}
 i - a scroll of fog {unknown}
 j - 2 scrolls of remove curse {unknown}
Potions
 f - 2 potions of resistance {unknown}
 h - a potion of curing {unknown}
Comestibles
 a - 2 bread rations
 b - 4 chunks of flesh
 d - a meat ration


   Skills:
 + Level 3.3 Fighting
 + Level 3.3 Dodging
 + Level 3.4 Stealth
 * Level 3.5 Unarmed Combat


You had 2 spell levels left.
You didn't know any spells.

Dungeon Overview and Level Annotations

Branches:
Dungeon (2/15)

Altars:


Innate Abilities, Weirdness & Mutations

You cannot wear most types of armour.
You are very stealthy in the water. (Stealth+)
You are amphibious.
You can wear up to eight rings at the same time.
You can use your tentacles to constrict eight enemies at once.
Your skin changes colour to match your surroundings (Stealth+).
Your rubbery body absorbs attacks. (AC +1, EV +1)


Message History

The gnoll barely misses you. The adder closely misses you.
You climb upwards.
There is a stone staircase leading down here.
You barely miss the adder. Your grab misses the adder.
The adder barely misses you. The gnoll hits you but does no damage.
You barely miss the adder. Your grab misses the adder.
Your squeeze misses the adder. The adder barely misses you.
The gnoll closely misses you.
You tentacle-slap the adder. Your grab misses the adder.
The adder is severely wounded.
The adder barely misses you. The gnoll hits you with a whip!
* * * LOW HITPOINT WARNING * * *
The adder bites you.
* * * LOW HITPOINT WARNING * * *
You are poisoned.
The adder poisons you!
You miss the adder. You grab the adder.
The adder is severely wounded.
You constrict the adder.
You feel sick. The adder bites you.
You die...

#.........)....###.#########
#.......#####..............#
#.......# #..####.#######.#
#.......# #.## ##...# #.#
#.......# #.# #....# #.#
####..######.# #.#..#####.######
......####...# ##................
...........#####.................
...........####g@................
......#.##.....S.................
............#####.........#.#####
............# #...).......#
#..#........## #.........#.#
..##.#.......#####..#######.#
..##.#..รท...........##..# #.##
...#...##...............# #..####
........................###......


You could see a gnoll and an adder.

Vanquished Creatures
  A gnoll (D:1)
  An ooze (D:1)
  A dart slug (D:2)
  A bat (D:1)
  2 giant cockroaches (D:1)
  2 goblins (D:1)
  3 hobgoblins (D:1)
  4 jackals (D:1)
  3 kobolds (D:1)
  4 rats
22 creatures vanquished.

Notes
Turn   | Place    | Note
-------+----------+-------------------------------------------
     0 | D:1      | Kavrick the Octopode Monk began the quest for the Orb.
     0 | D:1      | Reached XP level 1. HP: 16/16 MP: 1/1
    22 | D:1      | Reached XP level 2. HP: 19/21 MP: 2/2
    86 | D:1      | Reached XP level 3. HP: 17/26 MP: 3/3
   710 | D:1      | Slain by an adder

Vault maps used:
D:1:      dpeg_arrival_windows_large_door
D:2:      minmay_octomino_j4

Skill      XL: |  1 |
---------------+----+-----
Stealth        | 3 |  3.4
Fighting       | |  3.3
Dodging        | |  3.3
Unarmed Combat | |  3.5

Action                   || total
-------------------------++-------
Melee: Unarmed           ||    50
       Tentacles         ||    13
       Constrict         ||    13
 Stab: Sleeping          ||     3
Armor: Skin              ||     6
Dodge: Dodged            ||    41

Table legend:
 A = Spawn XP
 B = Non-spawn XP
 C = Spawn XP percentage of total XP
 D = Spawn monster count
 E = Non-spawn monster count
 F = Spawn count percentage of total count
 G = Total turns spent on level
                    A         B        C        D         E        F      G
               +---------+---------+-------+---------+---------+-------+---------
         Total |       0 |      57 |   0.0 |       0 |      22 |   0.0 |   710
               +---------+---------+-------+---------+---------+-------+---------
           D:1 |       0 |      51 |   0.0 |       0 |      19 |   0.0 |   541
           D:2 |       0 |       6 |   0.0 |       0 |       3 |   0.0 |   169
               +---------+---------+-------+---------+---------+-------+---------
